cohdb
Replays
Latest Replays
All Replays
Popular Replays
Top Player Replays
Match Explorer
How It Works
Community
CoH3 Stats
Reddit
Sign in to upload your games and track your stats! →
Sign in with Steam
Match 47073363
Unlisted
Match 47073363
Overview
Messages
Build Orders
End
Kradschützen Motorcycle Team
Panzerpioneer Squad
250 Light Carrier
Panzergrenadier Squad
Construct Light Support Kompanie
Assault Grenadier Squad
Selects Panzerjäger Kommand Battlegroup
Selects Mine Fields
Selects GrB 39 Grenade Launcher Requisition
Fire Support Elements
MG34 Team
Vehicle Survival Package
le.IG 18 Support Gun Team
Flakvierling Half-track
Selects Defensive Positions
Selects Butterfly Bomb Drop
2.5-tonne Medical Truck
Butterfly Bomb Drop
MG34 Team
Construct Panzerarmee Kommand
Butterfly Bomb Drop
Selects Crew Shock Tactics
Armored Reserves
Panzer III L Medium Tank
Pak 38 Mechanized Group
Crew Shock Tactics
Pak 38 Anti-tank Gun Team
Emergency Repair Kits
Butterfly Bomb Drop
Tiger Heavy Tank
Crew Shock Tactics
Riberstein
Yoda Gaming
0
0
Comments
sign in to comment!
No comments posted yet!